 Dungeon Crawl Stone Soup version 0.28-a0-390-gb254ac4902 (webtiles) character file.

Game seed: 13099695711308381034

507 robertstho the Magician (level 7, -5/49 HPs)
             Began as a Djinni Fire Elementalist on Sept 3, 2021.
             Slain by a wyvern (17 damage)
             ... on level 4 of the Dungeon.
             The game lasted 00:04:48 (4303 turns).

robertstho the Magician (Djinni Fire Elementalist)  Turns: 4303, Time: 00:04:49

Health: -5/49      AC:  5    Str:  7    XL:     7   Next: 42%
Gold:   113        EV: 12    Int: 19    God:
                   SH:  0    Dex: 13

rFire   + + .      SeeInvis .   j - +1 war axe
rCold   x . .      Faith    .   (no shield)
rNeg    . . .      Spirit   .   a - +0 robe
rPois   ∞          Reflect  .   (no helmet)
rElec   .          Harm     .   (no cloak)
rCorr   .          Rampage  .   e - +2 pair of gloves
Will    .....                   (boots unavailable)
Stlth   ++........              (no amulet)
HPRegen 0.16/turn               k - ring of wizardry
MPRegen 0.00/turn               (no ring)

@: flying
A: sickness immunity, fire resistance 2, cold vulnerability 1, float, innate
caster, hp casting, extra vitality 1
a: no special abilities


You were on level 4 of the Dungeon.
You visited 1 branch of the dungeon, and saw 4 of its levels.

You collected 113 gold pieces.

Inventory:

Hand Weapons
 j - a +1 war axe (weapon)
Armour
 a - a +0 robe (worn)
 e - a +2 pair of gloves (worn)
Jewellery
 k - a ring of wizardry (left hand)
Wands
 n - a wand of digging (6)
Scrolls
 b - a scroll of enchant armour {unknown}
 d - a scroll of vulnerability {unknown}
 f - a scroll of torment {unknown}
 h - a scroll of identify {unknown}
 i - a scroll of amnesia {unknown}
 l - a scroll of enchant weapon
Potions
 c - a potion of magic {unknown}
 g - a potion of attraction {unknown}
 m - a potion of curing {unknown}
 o - a potion of ambrosia {unknown}


   Skills:
 * Level 2.4 Fighting
 + Level 2.6 Dodging
 + Level 2.1 Stealth
 + Level 0.1 Unarmed Combat
 * Level 5.5 Spellcasting


You couldn't memorise any spells.
You knew the following spells:

 Your Spells              Type           Power      Damage    Failure   Level
a - Foxfire               Conj/Fire      100%       2x1d9     1%          1
b - Scorch                Fire           52%        2d7       1%          2
c - Conjure Flame         Conj/Fire      26%        6-21      1%          3
d - Inner Flame           Hex/Fire       26%        N/A       1%          3
e - Flame Wave            Conj/Fire      26%        3d6       4%          4
f - Shock                 Conj/Air       100%       1d9       1%          1
g - Ensorcelled Hibernat  Hex/Ice        52%        N/A       1%          2
h - Spider Form           Tmut/Pois      13%        N/A       1%          3
Your spell library was empty.

Dungeon Overview and Level Annotations

Branches:
Dungeon (4/15)
 Temple: D:4-7

Altars:
Hepliaklqana
Trog
Xom
The Shining One


Innate Abilities, Weirdness & Mutations

You are immune to sickness and miasma.
You are immune to poison.
Your flesh is very heat resistant. (rF++)
You are vulnerable to cold. (rC-)
You float through the air rather than walking.
You learn spells naturally, not from books.
Your magical power is your life essence.
You have superior vitality. (+4 HP)


Message History

You kill the quokka!
The killer bee closely misses you.
The killer bee stings you but does no damage.
Unknown command.
Casting: Scorch (safe; 1% risk of failure)
Confirm with . or Enter, or press ? or * to list all spells.
Flames lash the kobold.
You kill the kobold!
You hear an angry hiss.
The killer bee barely misses you. The killer bee stings you.
Casting: Scorch (safe; 1% risk of failure)
Confirm with . or Enter, or press ? or * to list all spells.
Flames lash the killer bee.
The killer bee is severely wounded.
The killer bee's fire resistance burns away.
The killer bee closely misses you. The killer bee stings you!
Casting: Scorch (safe; 1% risk of failure)
Confirm with . or Enter, or press ? or * to list all spells.
Flames lash the killer bee.
The killer bee is burned terribly!
You kill the killer bee!
The quokka barely misses you.
Casting: Scorch (safe; 1% risk of failure)
Confirm with . or Enter, or press ? or * to list all spells.
Flames lash the quokka.
You kill the quokka!
A wyvern comes into view.
Casting: Scorch (safe; 1% risk of failure)
Confirm with . or Enter, or press ? or * to list all spells.
Nothing appears to happen.
* * * LOW HITPOINT WARNING * * *
Casting: Scorch (safe; 1% risk of failure)
Confirm with . or Enter, or press ? or * to list all spells.
Flames lash the wyvern.
The wyvern is moderately wounded.
The wyvern's fire resistance burns away.
* * * LOW HITPOINT WARNING * * *
As you read the scroll labelled JOUMPI XUCS, it crumbles to dust.
It is a scroll of enchant weapon.
Your +0 war axe glows red for a moment.
The wyvern bites you!
You die...

### #$.. #.#.###
.....# ##.#.# #
#.#.)##########
#..#....l@.......
#).:.##########
#......# ##
#...###.#######.##
...... #..........#
..... #...........
##### #..###..... #
#..###..##...
######..##...##..###


You could see a wyvern (inflammable).

Vanquished Creatures
  An ice beast (D:3)
  2 scorpions
  A killer bee (D:4)
  A hound (D:2)
  A bullfrog skeleton (D:4)
  An orc wizard (D:3)
  A gnoll (D:3)
  7 adders
  An adder skeleton (D:4)
  A worm (D:3)
  A dart slug (D:1)
  11 orcs
  5 endoplasms
  2 giant cockroaches (D:1)
  7 goblins
  7 hobgoblins
  3 jackals
  5 kobolds
  5 quokkas
  7 ball pythons
  6 bats
  2 frilled lizards
  A quokka skeleton (D:4)
  6 rats
  A spectral orc (D:3)
86 creatures vanquished.

Vanquished Creatures (others)
  100 foxfires
100 creatures vanquished.

Grand Total: 186 creatures vanquished

Notes
Turn   | Place    | Note
-------+----------+-------------------------------------------
     0 | D:1      | robertstho the Djinni Fire Elementalist began the quest for
                  | the Orb.
     0 | D:1      | Reached XP level 1. HP: 15/15 MP: 0/0
   139 | D:1      | Reached XP level 2. HP: 17/22 MP: 0/0
   638 | D:1      | Reached skill level 3 in Spellcasting
   638 | D:1      | Reached XP level 3. HP: 19/26 MP: 0/0
   638 | D:1      | Learned a level 1 spell: Shock
  1738 | D:2      | Reached XP level 4. HP: 12/31 MP: 0/0
  1739 | D:2      | Reached skill level 1 in Fighting
  2015 | D:2      | Noticed a scorpion
  2021 | D:2      | Killed a scorpion
  2022 | D:2      | Reached skill level 4 in Spellcasting
  2022 | D:2      | Reached XP level 5. HP: 29/37 MP: 0/0
  2022 | D:2      | Learned a level 2 spell: Ensorcelled Hibernation
  2720 | D:3      | Found a hazy altar of Hepliaklqana.
  2812 | D:3      | Reached XP level 6. HP: 31/42 MP: 0/0
  3087 | D:3      | Found a faded altar of an unknown god.
  3180 | D:3      | Found a shimmering altar of Xom.
  3396 | D:3      | Noticed an ice beast
  3406 | D:3      | Killed an ice beast
  3680 | D:3      | Reached skill level 5 in Spellcasting
  3830 | D:4      | Reached XP level 7. HP: 41/49 MP: 0/0
  3830 | D:4      | Learned a level 3 spell: Spider Form
  3911 | D:4      | Found a glowing golden altar of the Shining One.
  4269 | D:4      | Found a bloodstained altar of Trog.
  4300 | D:4      | Noticed a wyvern
  4303 | D:4      | Slain by a wyvern

Illustrated notes

Levels and vault maps discovered:
D:1:      psy_arrival_radial02, layout_basic
D:2:      layout_basic, serial_glass, glass_columns_a, glass_columns_a,
          minmay_strange_pillars, due_unseen_surprise, minmay_strange_pillars,
          item_on_display_a
D:3:      layout_basic, tgw_xom, nicolae_hepliaklqana_monster_ancestors,
          dreamdust_ecumenical_altar_statues
D:4:      layout_rooms, trog_three_pillars_becter,
          mainiacjoe_overflow_small_starburst, nicolae_tso_carved_into_rock,
          minmay_manual_mess, uniq_blork_the_orc

Skill      XL: |  1  2  3  4  5  6 |
---------------+-------------------+-----
Spellcasting   | 3 4 5 |  5.5
Fighting       | 1 2 |  2.4
Stealth        | 2 |  2.1
Dodging        | |  2.6
Unarmed Combat | |  0.1

Action                   |  1- 3 |  4- 6 |  7- 9 || total
-------------------------+-------+-------+-------++-------
Melee: Unarmed           |    12 |     3 |       ||    15
       War axe           |       |     1 |     4 ||     5
 Cast: Foxfire           |    29 |    32 |     2 ||    63
       Scorch            |    14 |    46 |    31 ||    91
       Inner Flame       |       |     1 |       ||     1
  Use: Scroll            |       |       |     1 ||     1
Armor: Robe              |     2 |     8 |     5 ||    15
Dodge: Dodged            |    18 |    20 |    12 ||    50

Table legend: (Time is in decaauts)
 A = Elapsed time spent in this place.
 B = Non-inter-level travel time spent in this place.
 C = Inter-level travel time spent in this place.
 D = Time resting spent in this place.
 E = Time spent auto-exploring this place.
 F = Levels seen in this place.
 G = Mean time per level.
                   A        B        C        D        E       F      G
               +--------+--------+--------+--------+--------+-----+--------+
         Total |   4303 |   4221 |     82 |      0 |   3767 |   4 | 1075.8 |
       Dungeon |   4303 |   4221 |     82 |      0 |   3767 |   4 | 1075.8 |
               +--------+--------+--------+--------+--------+-----+--------+

Top non-repeatable levels by time:
     D:1: 1700 daAuts
     D:3: 1255 daAuts
     D:2: 865 daAuts
     D:4: 482 daAuts
